 Dungeon Crawl Stone Soup version bcrawl-1.27.6 (webtiles) character file.

Game seed: 14933802079551877976

185395 Faustar the Ruffian (level 4, -14/45 HPs)
             Began as a Troll Fighter on Sept 6, 2020.
             Demolished by an orc wizard
             ... wielding a +1 dagger of electrocution
              (20 damage)
             ... on level 3 of the Dungeon.
             The game lasted 00:01:59 (1224 turns).

Faustar the Ruffian (Troll Fighter)                 Turns: 1224, Time: 00:02:00

Health: -14/45     AC:  5    Str: 25    XL:     4   Next: 54%
Magic:  3/3        EV: 10    Int:  5    God:
Gold:   148        SH:  0    Dex:  9    Spells: 3/3 levels left

rFire    . . .     SeeInvis .     - Claws (18.7)
rCold    . . .     Gourm    +   (no shield)
rNeg     . . .     Faith    .   (armour unavailable)
rPois    .         Spirit   .   (helmet restricted)
rElec    .         Reflect  .   (no cloak)
rCorr    .         Harm     .   (gloves unavailable)
MR       .....                  (boots unavailable)
Stlth    +.........             (no amulet)
HPRegen  0.55/turn              (no ring)
MPRegen  0.08/turn              (no ring)

@: no status effects
A: large, almost no armour, claws 3, fast metabolism 3, gourmand, regeneration
1, AC +5
a: no special abilities


You were on level 3 of the Dungeon.
You were completely stuffed.

You visited 1 branch of the dungeon, and saw 3 of its levels.

You collected 148 gold pieces.

Inventory:

Armour
 a - a +0 medium shield
Jewellery
 c - an uncursed ring of protection from fire {unknown}
 i - a +2 amulet of reflection {unknown}
Scrolls
 d - a scroll of identify
 g - a scroll of teleportation {unknown}
 h - 2 scrolls of remove curse {unknown}
 k - a scroll of amnesia {unknown}
 l - 2 scrolls of noise {unknown}
 p - a scroll of blinking {unknown}
Potions
 b - a potion of might
 f - 2 potions of mutation {unknown}
 j - a potion of ambrosia {unknown}
 m - a potion of flight {unknown}
 n - a potion of curing {unknown}
Comestibles
 e - 6 rations {!d}
 o - 7 chunks of flesh


   Skills:
 + Level 3.5 Fighting
 - Level 2.4 Dodging
 - Level 2.0 Shields
 + Level 3.6 Unarmed Combat


You had 3 spell levels left.
You didn't know any spells.
Your spell library was empty.

Dungeon Overview and Level Annotations

Branches:
Dungeon (3/12)

Altars:
Lugonu


Innate Abilities, Weirdness & Mutations

You cannot wear most types of armour.
Your thick skin is tough. (AC +5)
You are too large for most types of armour.
You have claws for hands.
Your metabolism is lightning-fast.
You like to eat raw meat.
Your natural rate of healing is unusually fast.


Message History

You closely miss the orc wizard. The orc hits you.
The orc wizard barely misses you.
You barely miss the orc wizard. The orc hits you.
* * * LOW HITPOINT WARNING * * *
The orc hits you with a +0 flail.
* * * LOW HITPOINT WARNING * * *
The orc wizard barely misses you.
You scratch the orc wizard.
The orc wizard is moderately wounded.
The orc barely misses you.
The orc wizard hits you but does no damage.
The orc hits you with a +0 flail.
* * * LOW HITPOINT WARNING * * *
You scratch the orc wizard.
The orc wizard is severely wounded.
The orc hits you.
* * * LOW HITPOINT WARNING * * *
The orc wizard hits you but does no damage.
You are electrocuted!!
You die...

.. #....# #######.###
#....#
..........###.<..#
...........!.....####
..........##........###
............$....##...##
(...................#..#
......o..........##..#(#
......o@................
......oo†...............
........#..........[....
........<...............
.....######..#..........
.#... #........[....
.... ............. ....
..#.......... .<.......


You could see an orc wizard and 3 orcs.

Vanquished Creatures
  An orc priest (D:3)
  2 adders
  An ooze (D:2)
  2 worms
  A dart slug (D:2)
  A leopard gecko (D:2)
  6 bats
  A giant cockroach (D:2)
  5 hobgoblins
  2 jackals (D:3)
  A ball python (D:2)
  3 frilled lizards
  7 goblins
  6 kobolds
  5 rats
44 creatures vanquished.

Notes
Turn   | Place    | Note
-------+----------+-------------------------------------------
     0 | D:1      | Faustar the Troll Fighter began the quest for the Orb.
     0 | D:1      | Reached XP level 1. HP: 22/22 MP: 0/0
   105 | D:1      | Reached XP level 2. HP: 21/29 MP: 1/1
   761 | D:2      | Noticed a phantom
   826 | D:2      | Reached XP level 3. HP: 34/37 MP: 2/2
  1038 | D:2      | Found a corrupted altar of Lugonu.
  1150 | D:2      | You fall into a shaft and drop 1 floor!
  1168 | D:3      | Gained mutation: Your natural rate of healing is unusually
                  | fast. [Troll growth]
  1168 | D:3      | Reached XP level 4. HP: 34/45 MP: 3/3
  1224 | D:3      | Demolished by an orc wizard

Skill      XL: |  1  2  3 |
---------------+----------+-----
Fighting       | 3 |  3.5
Unarmed Combat | 3 |  3.6
Dodging        | |  2.4
Shields        | |  2.0

Action                   |  1- 3 |  4- 6 || total
-------------------------+-------+-------++-------
Melee: Unarmed           |   118 |    15 ||   133
  Eat: Chunk             |    13 |     3 ||    16
Armor: Skin              |    57 |     7 ||    64
Dodge: Dodged            |    65 |     7 ||    72
